Description

In this game Dark took some time to scoot that it was mech so his early response (ling banes + 1-1) might not be optimal but in the end he manage to win the game.

VOD

https://youtu.be/3MzBxsBXwz4

Replay - Dark v Maru: Game 4 - [ESL] Data-C

Build Order

Get SALT Encoding   

  12  0:00  Drone  
  13  0:12  Overlord  
  13  0:17  Drone  
  14  0:31  Drone x2  
  16  0:48  Hatchery  
  15  0:51  Drone x2  
  17  0:58  Drone  
  18  1:10  Extractor  
  17  1:14  Spawning Pool  
  17  1:17  Drone x2  
  18  1:29  Drone  
  21  2:01  Queen x2  
  21  2:02  Zergling x4  
  27  2:12  Overlord  
  28  2:22  Hatchery  
  31  2:40  Queen  
  33  2:51  Metabolic Boost, Overlord  
  39  3:15  Queen  
  39  3:19  Overlord  
  43  3:33  Queen x2  
  58  3:57  Overlord  
  58  4:01  Extractor  
  57  4:14  Queen x2  
  66  4:23  Evolution Chamber x2  
  70  4:37  Spore Crawler x2  
  73  4:52  Zerg Melee Weapons Level 1, Zerg Ground Armor Level 1  
  73  5:05  Extractor x2  
  73  5:06  Zergling x4  
  77  5:13  Lair  
  80  5:18  Baneling Nest  
  80  5:22  Zergling x2  
  80  5:25  Hatchery  
  81  5:30  Zergling x10  
  86  5:39  Hatchery  
  89  5:49  Spore Crawler  
  104  6:14  Roach Warren  
  105  6:28  Queen  
  106  6:34  Queen  
  113  6:45  Extractor x2  
  113  6:46  Infestation Pit  
  117  6:50  Zerg Missile Weapons Level 1  
  117  6:53  Zerg Ground Armor Level 2  
  109  7:02  Glial Reconstitution, Roach x5  
  121  7:09  Spore Crawler, Extractor x2  
  121  7:11  Baneling x6  
  118  7:21  Nydus Network  
  115  7:26  Swarm Host x6  
  130  7:35  Swarm Host x2  
  138  7:48  Roach x3  
  157  7:59  Nydus Canal  
  158  8:13  Swarm Host x2  
  172  8:32  Spire  
  180  8:42  Nydus Canal  
  180  8:54  Roach x2  
  190  8:56  Ravager x6  
  196  9:05  Nydus Canal  
  196  9:12  Centrifugal Hooks, Hatchery  
  195  9:19  Hatchery  
  195  9:20  Baneling x4  
  182  9:36  Ravager x2  
  199  9:40  Nydus Canal  
  199  9:47  Hive, Zerg Missile Weapons Level 2  
  199  9:50  Zerg Melee Weapons Level 2  
  199  9:54  Spore Crawler x2  
Spawning Tool Build Advisor. Get it on Overwolf

Go to:

Details

  • Created by: Dablo974
  • Published on: Aug 12, 2024
  • Modified on: Aug 12, 2024
  • Patch: 4.11.0
  • Difficulty: Hard
Show
View Real Time Build Order
Export as new Build Order

Comments (1)

On Aug. 4, 2025, 1:08 a.m., Ares243  said:

-Hi all! I tried this build and i ended up with 100 drones.
Does anyone know what might have gone wrong?

- Also, is this build about strong mid and meta army with roach+zergling+baneling and then some corruptors for air?

(no need to point out i am new) :)

Create an account to comment!